 Dungeon Crawl Stone Soup version 0.20.1-1-g8b1a95d (webtiles) character file.

6106 Sandy the Quickloader (level 10, -1/82 HPs)
             Began as a Ghoul Hunter on Aug 29, 2017.
             Was a Priest of Dithmenos.
             Slain by an iguana (4 damage)
             ... on level 9 of the Dungeon.
             The game lasted 02:09:17 (14946 turns).

Sandy the Quickloader (Ghoul Hunter)               Turns: 14946, Time: 02:09:17

Health: -1/82      AC:  9    Str: 19    XL:     10   Next: 88%
Magic:  11/11      EV: 14    Int:  6    God:    Dithmenos [***...]
Gold:   138        SH:  5    Dex: 10    Spells: 6/9 levels left

rFire    + + .     SeeInvis .   b - +2 dagger (elec)
rCold    + . .     Gourm    .   v - +0 buckler
rNeg     + + +     Faith    .   s - +0 troll leather armour
rPois    ∞         Spirit   .   z - +0 helmet
rElec    .         Reflect  .   x - +0 cloak
rCorr    .         Harm     .   p - +0 pair of gloves
MR       .....                  H - +0 pair of boots
Stlth    ++++......             (no amulet)
Regen    0.0/turn               D - ring of protection from fire
MPRegen  0.2/turn               l - ring of protection from fire

@: flying, rotting, wreathed by umbra
A: rotting body, claws 1, carnivore 3, cold resistance 1, negative energy
resistance 3, inhibited regeneration, torment resistance, unbreathing
a: Shadow Step, Renounce Religion


You were on level 9 of the Dungeon.
You worshipped Dithmenos.
Dithmenos was most pleased with you.
You were not hungry.

You visited 2 branches of the dungeon, and saw 11 of its levels.

You collected 347 gold pieces.
You spent 209 gold pieces at shops.

Inventory:

Hand Weapons
 a - a +1 hand crossbow
 b - a +2 dagger of electrocution (weapon)
 k - a +0 dagger of speed
 w - a +2 vampiric hand axe
Missiles
 d - 23 bolts
 j - 203 stones (quivered)
Armour
 c - a +1 ring mail of poison resistance
 p - a +0 pair of gloves (worn)
 s - a +0 troll leather armour (worn)
 v - a +0 buckler (worn)
 x - a +0 cloak (worn)
 z - a +0 helmet (worn)
 H - a +0 pair of boots (worn)
Jewellery
 i - a +3 ring of intelligence
 l - a ring of protection from fire (right hand)
 m - an uncursed ring of fire
 D - a ring of protection from fire (left hand)
Wands
 o - a wand of polymorph (5/24)
 y - a wand of lightning (0/15)
 B - a wand of polymorph (8/24)
Scrolls
 g - 4 scrolls of remove curse
 h - 4 scrolls of amnesia
 r - a scroll of teleportation
 u - 5 scrolls of identify
 A - a scroll of enchant armour
Books
 e - a book of Battle

   Spells                             Type                      Level
   a - Infusion                       Charms                       1
   b - Shroud of Golubria             Charms/Translocation         2
   c - Song of Slaying                Charms                       2
   d - Spectral Weapon                Hexes/Charms                 3
   e - Regeneration                   Charms/Necromancy            3
Comestibles
 f - 8 meat rations
 n - 4 royal jellies
 q - 2 chunks of flesh


   Skills:
 + Level 5.6 Fighting
 + Level 10.3 Crossbows
 - Level 3.0 Armour
 - Level 6.2 Dodging
 - Level 6.0 Stealth
 - Level 5.0 Shields
 - Level 3.2 Invocations


You had 6 spell levels left.
You knew the following spells:

 Your Spells              Type           Power        Failure   Level  Hunger
a - Infusion              Chrm           #...         52%         1    ##.....
b - Shroud of Golubria    Chrm/Tloc      #.........   65%         2    ###....


Dungeon Overview and Level Annotations

Branches:
Dungeon (10/15)            Temple (1/1) D:5
   Lair: D:8-11         Orc: D:9-12

Altars:
Ashenzari
Cheibriados
Dithmenos
Elyvilon
Fedhas
Gozag
Hepliaklqana
Kikubaaqudgha
Makhleb
Nemelex Xobeh
Okawaru
Qazlal
Ru
Sif Muna
Trog
Uskayaw
Vehumet
Yredelemnul
Zin
The Shining One

Shops:
D:5 (%(!   D:6 *[   D:7 %

Annotations:
D:3 2 transporters
D:4 exclusion: downstairs
D:7 exclusion: 2 downstairs
D:8 ghost


Innate Abilities, Weirdness & Mutations

Your body is rotting away.
You thrive on raw meat.
You are immune to poison.
You have sharp fingernails.
You are carnivorous and can eat meat at any time.
Your flesh is cold resistant. (rC+)
You are immune to negative energy. (rN+++)
You do not regenerate when monsters are visible.
You are immune to unholy pain and torment.
You can survive without breathing.


Message History

You fly up into the air.
You closely miss the bullfrog. The bullfrog misses you. The bullfrog hits you.
* * * LOW HITPOINT WARNING * * *
Found a scroll labeled MAMEUD FONEU.
The bullfrog hits you but does no damage.
You hit the bullfrog but do no damage. Lightning courses through the bullfrog!
The bullfrog is almost dead.
The bullfrog completely misses you. x2
Some of the chunks of flesh in your inventory have rotted away.
You hit the bullfrog.
You kill the bullfrog!
Dithmenos accepts your kill.
You barely miss the iguana. You block the iguana's attack.
You hit the iguana.
The iguana is lightly wounded.
You block the iguana's attack.
You barely miss the iguana.
The iguana is lightly wounded.
The iguana bites you.
You die...

..................l.#
#....# .....##.####.#
...# ... #.# # ...# .
#.# .# ...# #.####.#
....... #......##
.....## ###....)#
.....# #l###.# ....l#
#@# .....# #.# .#....
?.# ####


You could see an iguana.

Vanquished Creatures
  Erica (D:8)
  The ghost of vomix the Severer, a novice MiBe of Trog (D:8)
  A troll (D:8)
  A sky beast (D:7)
  6 orc warriors
  3 black bears
  3 ice beasts
  5 centaurs
  2 ogres
  6 wolves (D:8)
  8 bullfrogs
  Dowan (D:6)
  3 scorpions
  2 crimson imps
  4 howler monkeys
  6 hounds
  8 orc priests
  2 centaur skeletons
  12 orc wizards
  3 iguanas
  9 worker ants
  A killer bee zombie (D:5)
  A hound skeleton (D:4)
  A howler monkey zombie (D:3)
  4 gnolls
  11 adders
  2 shadow imps
  4 oozes
  An adder zombie (D:7)
  An adder skeleton (D:4)
  2 worms
  A dart slug (D:1)
  3 leopard geckos
  38 orcs
  8 bats
  7 giant cockroaches
  6 goblins
  8 hobgoblins
  7 jackals
  4 quokkas
  A ball python (D:4)
  6 frilled lizards
  A jackal zombie (D:5)
  5 kobolds
  A leopard gecko skeleton (D:5)
  9 rats
220 creatures vanquished.

Vanquished Creatures (others)
  3 orc wizards
  4 orcs (D:5)
7 creatures vanquished.

Grand Total: 227 creatures vanquished

Notes
Turn   | Place    | Note
-------+----------+-------------------------------------------
     0 | D:1      | Sandy the Ghoul Hunter began the quest for the Orb.
     0 | D:1      | Reached XP level 1. HP: 17/17 MP: 0/0
   365 | D:1      | Reached skill level 4 in Crossbows
   365 | D:1      | Reached XP level 2. HP: 21/24 MP: 1/1
   940 | D:1      | Reached XP level 3. HP: 12/29 MP: 2/2
  1778 | D:2      | Found a bloodstained altar of Trog.
  1797 | D:2      | Reached skill level 5 in Crossbows
  1797 | D:2      | Reached XP level 4. HP: 31/36 MP: 3/3
  2660 | D:3      | Found a shadowy altar of Dithmenos.
  2665 | D:3      | Became a worshipper of Dithmenos the Shadowed
  2772 | D:3      | Reached XP level 5. HP: 36/41 MP: 4/4
  2803 | D:3      | Found a transporter.
  2857 | D:3      | Found a deep blue altar of Sif Muna.
  3383 | D:5      | Entered Level 5 of the Dungeon
  3383 | D:5      | Found Gatac's Antique Weapon Shoppe.
  3384 | D:5      | Noticed an orc warrior
  3407 | D:4      | Noticed an ogre
  3422 | D:4      | Reached skill level 6 in Crossbows
  3524 | D:3      | Found a transporter.
  3637 | D:4      | Reached XP level 6. HP: 48/48 MP: 5/5
  3659 | D:4      | Reached * piety under Dithmenos
  4015 | D:5      | Found Deheivocwo's Weapon Shop.
  4015 | D:5      | Found Jafeopp's Food Boutique.
  4156 | D:4      | Reached XP level 7. HP: 55/55 MP: 6/6
  5125 | D:5      | Found an iron altar of Okawaru.
  5447 | D:4      | Reached skill level 5 in Stealth
  5679 | D:4      | Reached XP level 8. HP: 56/61 MP: 7/7
  5958 | D:5      | Reached skill level 5 in Dodging
  6035 | D:5      | Found a staircase to the Ecumenical Temple.
  6044 | Temple   | Entered the Ecumenical Temple
  6224 | D:5      | Found Vowayguibu's Distillery.
  6228 | D:5      | Reached skill level 7 in Crossbows
  6234 | D:5      | Reached ** piety under Dithmenos
  6267 | D:5      | Bought a potion of heal wounds for 55 gold pieces
  6267 | D:5      | Bought a potion of haste for 110 gold pieces
  6267 | D:5      | Bought a potion of might for 44 gold pieces
  6453 | D:5      | Found a hazy altar of Hepliaklqana.
  6461 | D:5      | Found a blossoming altar of Fedhas.
  6479 | D:5      | Found a stormy altar of Qazlal.
  6598 | D:6      | Found Titirug's Assorted Antiques.
  6728 | D:6      | Noticed Dowan
  7134 | D:6      | Reached XP level 9. HP: 73/73 MP: 8/8
  7316 | D:6      | Noticed Duvessa
  7317 | D:6      | Noticed Duvessa
  7317 | D:6      | Duvessa changed into Duvessa the centaur
  7320 | D:6      | Killed Duvessa the centaur
  7320 | D:6      | Reached skill level 5 in Fighting
  7320 | D:6      | Reached skill level 8 in Crossbows
  7363 | D:6      | Killed Dowan
  7560 | D:6      | Learned a level 1 spell: Infusion
  7593 | D:6      | Found Fott's Armour Emporium.
  7761 | D:7      | Found Voinucea's Food Shop.
  7788 | D:7      | Found a snail-covered altar of Cheibriados.
  8392 | D:8      | Noticed vomix's ghost (novice MiBe)
  8392 | D:8      | Vomix the minotaur berserker lives here
  8996 | D:7      | Found an opulent altar of Gozag.
  9508 | D:6      | Reached skill level 9 in Crossbows
  9610 | D:6      | Reached skill level 1 in Invocations
  9860 | D:8      | Noticed a troll
 10950 | D:7      | Learned a level 2 spell: Shroud of Golubria
 11426 | D:8      | Reached skill level 1 in Armour
 11426 | D:8      | Reached XP level 10. HP: 64/79 MP: 11/11
 11437 | D:8      | Noticed Erica
 12169 | D:7      | HP: 3/81 [orc warrior/mace (6)]
 12653 | D:8      | Killed Erica
 12653 | D:8      | Reached skill level 10 in Crossbows
 13926 | D:6      | Reached skill level 1 in Shields
 13936 | D:6      | Reached *** piety under Dithmenos
 14199 | D:8      | Killed vomix's ghost
 14647 | D:10     | Entered Level 10 of the Dungeon
 14811 | D:9      | Reached skill level 5 in Shields
 14868 | D:9      | Found a glowing silver altar of Zin.
 14871 | D:9      | Noticed an angel
 14931 | D:9      | Found an ancient bone altar of Kikubaaqudgha.
 14938 | D:9      | HP: 3/81 [bullfrog (2)]
 14946 | D:9      | Slain by an iguana

Skill      XL: |  1  2  3  4  5  6  7  8  9 10 |
---------------+-------------------------------+-----
Crossbows      | 4 5 6 7 9 10 | 10.3
Dodging        | 2 4 5 6 |  6.2
Stealth        | 2 5 6 |  6.0
Fighting       | 4 5 |  5.6
Invocations    | 3 |  3.2
Armour         | 1 3 |  3.0
Shields        | 5 |  5.0

Action                   |  1- 3 |  4- 6 |  7- 9 | 10-12 || total
-------------------------+-------+-------+-------+-------++-------
Melee: Unarmed           |   129 |   102 |       |       ||   231
       Hand axe          |       |    46 |   154 |    48 ||   248
       Hand crossbow     |       |       |     3 |       ||     3
       Dagger            |       |       |       |   129 ||   129
 Fire: Hand crossbow     |    13 |    79 |   340 |    81 ||   513
Throw: Stone             |    13 |    27 |    42 |    94 ||   176
 Cast: Infusion          |       |       |     4 |       ||     4
       Shroud of Golubri |       |       |     1 |       ||     1
Evoke: Wand              |       |       |     4 |     2 ||     6
  Use: Potion            |     1 |     2 |     8 |     8 ||    19
       Scroll            |       |     6 |     4 |     7 ||    17
 Stab: Sleeping          |     2 |       |     1 |     2 ||     5
  Eat: Chunk             |     5 |    17 |    32 |     9 ||    63
       Meat ration       |       |       |     1 |       ||     1
Armor: Leather armour    |    27 |    51 |    44 |       ||   122
       Ring mail         |       |       |    43 |    53 ||    96
       Troll leather arm |       |       |       |    15 ||    15
Dodge: Dodged            |    67 |   114 |   265 |   141 ||   587
Block: Buckler           |       |       |       |    19 ||    19
